 Dungeon Crawl Stone Soup version 0.31-a0-978-g1e143483b6 (webtiles) character file.

Game seed: 13581558476649033354

3763 sammy202020 the Protected (level 9, 0/126 HPs)
             Began as an Armataur Berserker on Oct 31, 2023.
             Was an Elder of Trog.
             Slain by Joseph
             ... wielding a +0 quarterstaff of speed
              (6 damage)
             ... on level 9 of the Dungeon.
             The game lasted 00:09:40 (5889 turns).

sammy202020 the Protected (Armataur Berserker)      Turns: 5889, Time: 00:09:41

Health: 0/126      AC: 17    Str: 22    XL:     9   Next: 94%
Magic:  9/9        EV: 14    Int: 11    God:    Trog [****..]
Gold:   334        SH:  0    Dex: 14    Spells: 8/8 levels left

rFire   . . .        b - +0 flail
rCold   . . .        m - orb {light}
rNeg    . . .        r - +5 scale mail of Duck's Teeth {Dex+3}
rPois   .            k - +1 helmet
rElec   .            t - +0 cloak
rCorr   .            (no gloves)
SInv    +            (no barding)
Will    .....        (no amulet) Stlth
                     c - ring of see invisible
HPRegen 0.41/turn    p - +5 ring of evasion
MPRegen 0.11/turn

%: roll
@: berserking, glowing, very quick
A: large, rugged brown scales 3, deformed body, armoured tail, roll, long
tongue, awkward tongue
a: Renounce Religion, Berserk, Trog's Hand, Brothers in Arms


You were on level 9 of the Dungeon.
You worshipped Trog.
Trog was greatly pleased with you.
You visited 1 branch of the dungeon, and saw 7 of its levels.

You collected 359 gold pieces.
You spent 25 gold pieces at shops.

Inventory:

Hand Weapons
 a - a +0 mace
 b - a +0 flail (weapon)
Missiles
 w - 2 throwing nets
Armour
 f - a +0 plate armour
 k - a +1 helmet (worn)
 m - an orb of light (worn)
 r - the +5 scale mail of Duck's Teeth (worn) {Dex+3}
   (You found it on level 3 of the Dungeon)

   Dex+3:     It affects your dexterity (+3).
 t - a +0 cloak (worn)
Jewellery
 c - a ring of see invisible (left hand)
 l - a ring of fire
 p - a +5 ring of evasion (right hand)
Wands
 s - a wand of iceblast (20)
 u - a wand of charming (8)
Scrolls
 g - 2 scrolls of blinking
 j - 3 scrolls of revelation
 o - 2 scrolls of teleportation
Potions
 d - 2 potions of magic
 e - 2 potions of cancellation {unknown}
 h - 4 potions of attraction
 i - 2 potions of might {unknown}
 n - a potion of degeneration {unknown}
 q - 3 potions of mutation {unknown}
 v - a potion of brilliance {unknown}
 z - 2 potions of heal wounds {unknown}
 A - a potion of invisibility {unknown}
 B - a potion of ambrosia {unknown}


   Skills:
 * Level 7.5 Fighting
 * Level 7.4 Maces & Flails
 * Level 9.5 Armour
 + Level 4.4 Dodging


You had 8 spell levels left.
You didn't know any spells.
Your spell library was empty.

Dungeon Overview and Level Annotations

Branches:
Dungeon (6/15)
 Temple: D:4-7

Altars:
Ashenzari
Okawaru
Qazlal
Trog
Wu Jian
The Shining One

Shops:
D:4 *

Annotations:
D:9 Joseph


Innate Abilities, Weirdness & Mutations

You are completely covered in rugged brown scales. (AC +3, +7% HP)
Armour fits poorly on your strangely shaped body.
You have a long armoured tail.
You roll when moving toward enemies. (Rampage)
Your long tongue fully drains potion bottles. (2x potion effects)
Your tongue gives you trouble enunciating. (1.5x scroll delay)


Message History

You are too injured to fight recklessly!
You are too injured to fight recklessly!
You are too injured to fight recklessly!
You are too injured to fight recklessly!
You are too injured to fight recklessly!
You are too injured to fight recklessly!
You are too injured to fight recklessly!
You are too injured to fight recklessly!
You are too injured to fight recklessly!
You are too injured to fight recklessly!
You are too injured to fight recklessly!
You are too injured to fight recklessly!
You barely miss Joseph. You tail-slap Joseph.
Joseph is lightly wounded.
Joseph hits you with a +0 quarterstaff of speed.
You hit Joseph.
Joseph is lightly wounded.
Joseph hits you with a +0 quarterstaff of speed!
Joseph hits you but does no damage.
You hit Joseph.
Joseph is moderately wounded.
Joseph hits you but does no damage.
You sock Joseph! You tail-slap Joseph.
Joseph is heavily wounded.
Joseph hits you with a +0 quarterstaff of speed!
* * * LOW HITPOINT WARNING * * *
Joseph barely misses you.
You sock Joseph!
Joseph is severely wounded.
Joseph hits you with a +0 quarterstaff of speed!
* * * LOW HITPOINT WARNING * * *
Joseph hits you with a +0 quarterstaff of speed!
* * * LOW HITPOINT WARNING * * *
You hit Joseph. You tail-slap Joseph!
Joseph is almost dead.
Joseph hits you but does no damage.
A red film seems to cover your vision as you go berserk!
You feel yourself moving faster!
You feel mighty!
Joseph hits you with a +0 quarterstaff of speed.
You die...

#......#
#.# #....
########
#.# #....
#.# ##'##
#.# #.##
#.# #...
####'#####
###.
#.<......#
#.
#........#
###'
#..@.....#
#...
#.@......+
#.<.
#........#
#...
#........#
+...
##########
#... ####


You could see Joseph.

Vanquished Creatures
  A hornet (D:9)
  A troll (D:9)
  Sigmund (D:4)
  10 yaks (D:9)
  A steam dragon (D:6)
  A water moccasin (D:6)
  An orc warrior (D:6)
  An ice beast (D:6)
  An ogre (D:6)
  3 phantoms
  A wight (D:9)
  A killer bee (D:9)
  5 howler monkeys
  A crimson imp (D:3)
  5 hounds
  A jelly (D:5)
  A gnoll bouda (D:9)
  An iguana (D:4)
  6 orc wizards
  A sleepcap (D:6)
  Terence (D:2)
  Robin (D:2)
  9 adders
  4 gnolls (D:9)
  A shadow imp (D:6)
  3 white imps
  4 worms
  2 dart slugs (D:5)
  8 orcs
  6 ball pythons
  8 endoplasms
  16 giant cockroaches
  13 goblins
  5 hobgoblins
  3 quokkas
  6 bats
  3 frilled lizards (D:2)
  2 goblin zombies (D:3)
  2 hobgoblin zombies (D:3)
  6 kobolds
  A kobold skeleton (D:3)
  A kobold zombie (D:3)
  4 orc skeletons (D:3)
  An orc zombie (D:3)
  4 rats (D:1)
158 creatures vanquished.

Vanquished Creatures (others)
  An adder (D:6)
1 creature vanquished.

Grand Total: 159 creatures vanquished

Notes
Turn   | Place    | Note
-------+----------+-------------------------------------------
     0 | D:1      | sammy202020 the Armataur Berserker began the quest for the
                  | Orb.
     0 | D:1      | Reached XP level 1. HP: 19/19 MP: 1/1
   341 | D:1      | Reached XP level 2. HP: 26/26 MP: 2/2
   428 | D:1      | Reached skill level 3 in Armour
   869 | D:2      | Reached ** piety under Trog
   897 | D:2      | Noticed Terence
   906 | D:2      | Killed Terence
   907 | D:2      | Reached XP level 3. HP: 10/33 MP: 3/3
  1259 | D:2      | Noticed Robin
  1262 | D:2      | Reached XP level 4. HP: 35/40 MP: 4/4
  1268 | D:2      | Killed Robin
  2062 | D:3      | Found a large runed translucent door.
  2062 | D:3      | Found a large runed translucent door.
  2086 | D:3      | Reached skill level 4 in Armour
  2087 | D:3      | Found a glowing golden altar of the Shining One.
  2097 | D:3      | Reached *** piety under Trog
  2098 | D:3      | Reached XP level 5. HP: 48/48 MP: 5/5
  2264 | D:3      | Identified the +5 scale mail of Duck's Teeth {Dex+3}
  2280 | D:3      | Identified the +1 robe of Generosity {-Cast rN+++ rCorr
                  | Str-4}
  2567 | D:3      | Found a stormy altar of Qazlal.
  2572 | D:3      | Found an iron altar of Okawaru.
  2705 | D:4      | Noticed a phantom
  2713 | D:4      | Killed a phantom
  2714 | D:4      | Reached XP level 6. HP: 52/55 MP: 6/6
  2721 | D:4      | Found a broken altar of Ashenzari.
  2925 | D:4      | Reached skill level 5 in Armour
  3133 | D:4      | Noticed Sigmund
  3141 | D:4      | Killed Sigmund
  3142 | D:4      | Reached XP level 7. HP: 58/64 MP: 7/7
  3354 | D:4      | Found Xikhumepn's Assorted Antiques.
  3359 | D:4      | Bought a scroll labelled NEANAGONKA for 25 gold pieces
  3679 | D:5      | Entered Level 5 of the Dungeon
  3736 | D:5      | Reached **** piety under Trog
  4380 | D:6      | Found a bloodstained altar of Trog.
  4380 | D:6      | Noticed a steam dragon
  4397 | D:6      | Reached skill level 5 in Fighting
  4397 | D:6      | Reached skill level 6 in Armour
  4398 | D:6      | Reached skill level 5 in Maces & Flails
  4414 | D:6      | Reached XP level 8. HP: 72/72 MP: 8/8
  4562 | D:6      | Found an ornate altar of the Wu Jian Council.
  4596 | D:6      | Reached skill level 7 in Armour
  4710 | D:6      | You fall into a shaft and drop 3 floors!
  4710 | D:8      | Identified the of Gaisifi
  4711 | D:9      | Noticed a troll
  4729 | D:9      | Killed a troll
  4951 | D:9      | Reached XP level 9. HP: 61/82 MP: 9/9
  4956 | D:9      | Reached skill level 8 in Armour
  5115 | D:9      | Reached skill level 9 in Armour
  5876 | D:9      | Noticed Joseph
  5887 | D:9      | HP: 3/84 [Joseph/+0 quarterstaff of speed (8)]
  5889 | D:9      | Slain by Joseph

Illustrated notes

Levels and vault maps discovered:
D:1:      dpeg_arrival_renting, layout_basic
D:2:      minmay_evil_eye, layout_loops_ring, minmay_strange_pillars,
          patterned_corridor, uniq_terence, uniq_robin
D:3:      minmay_roachtagon, layout_basic, nicolae_tso_besieged_by_evil,
          jmf_multi_god_temple2
D:4:      layout_basic, mainiacjoe_overflow_paths, serial_shops, shop,
          kennysheep_cross_bottleneck, uniq_sigmund
D:5:      layout_loops_ring
D:6:      layout_basic, general_overflow_altar, nicolae_ossuary_entry_ruins,
          minmay_ruined_shrine
D:9:      layout_roguey, st_stairs_11, uniq_joseph

Skill      XL: |  1  2  3  4  5  6  7  8  9 |
---------------+----------------------------+-----
Armour         | 3 4 5 6 7 9 |  9.5
Fighting       | 3 4 5 6 7 |  7.5
Maces & Flails | 3 4 5 6 7 |  7.4
Dodging        | 2 3 4 |  4.4

Action                     |  1- 3 |  4- 6 |  7- 9 || total
---------------------------+-------+-------+-------++-------
  Melee: Mace              |    56 |       |       ||    56
         Tailslap          |    13 |    24 |    50 ||    87
         Flail             |    24 |   169 |   230 ||   423
 Invoke: Berserk           |     1 |     1 |     4 ||     6
         Trog's Hand       |       |       |     1 ||     1
    Use: Scroll            |     2 |     2 |     5 ||     9
 Armour: Leather armour    |    18 |       |       ||    18
         Plate armour      |    46 |    89 |       ||   135
         Scale mail        |       |    53 |   183 ||   236
  Dodge: Dodged            |    26 |    86 |   168 ||   280

Table legend: (Time is in decaauts)
 A = Elapsed time spent in this place.
 B = Non-inter-level travel time spent in this place.
 C = Inter-level travel time spent in this place.
 D = Time resting spent in this place.
 E = Time spent auto-exploring this place.
 F = Levels seen in this place.
 G = Mean time per level.
                   A        B        C        D        E       F      G
               +--------+--------+--------+--------+--------+-----+--------+
         Total |   6004 |   5856 |    148 |    755 |   3835 |   7 |  857.7 |
       Dungeon |   6004 |   5856 |    148 |    755 |   3835 |   7 |  857.7 |
               +--------+--------+--------+--------+--------+-----+--------+

Top non-repeatable levels by time:
     D:9: 1199 daAuts
     D:2: 1165 daAuts
     D:4: 1093 daAuts
     D:1: 793 daAuts
     D:3: 701 daAuts
     D:5: 697 daAuts
     D:6: 353 daAuts
